 Dungeon Crawl Stone Soup version 0.16-a0-702-gf4f471d (webtiles) character file.

525 PolkaDot the Skirmisher (level 7, -6/63 HPs)
             Began as a Grey Draconian Transmuter on Sept 20, 2014.
             Mangled by an orc
             ... wielding a +0 trident
              (8 damage)
             ... on Level 4 of the Dungeon.
             The game lasted 00:14:22 (4264 turns).

PolkaDot the Skirmisher (Grey Draconian Transmuter) Turns: 4264, Time: 00:14:22

HP  -6/63        AC 11     Str 12      XL: 7   Next:  2%
MP  12/12        EV 12     Int 12      God:
Gold 139         SH  0     Dex 13      Spells:  2 memorised,  7 levels left

rFire  + . .     SeeInvis .       - Unarmed
rCold  + . .     Clarity  .     (armour unavailable)
rNeg   . . .     rCorr    +     (no shield)
rPois  +         rRot     .     (helmet restricted)
rElec  +         Spirit   .     (no cloak)
SustAb .         Warding  .     (no gloves)
rMut   .         Stasis   .     (no boots)
Gourm  .                        (no amulet)
MR     .....                    m - cursed -2 ring of intelligence
                                i - ring of wizardry

@: lethally poisoned, resistant, not resistant to hostile enchantments, very
unstealthy
A: walk through water, unfitting armour, unbreathing, cold-blooded, AC +11
a: no special abilities


You were on level 4 of the Dungeon.
You were not hungry.

You visited 1 branch of the dungeon, and saw 4 of its levels.

You collected 139 gold pieces.

Inventory:

Missiles
 b - 36 arrows
Comestibles
 a - 4 bread rations
 j - 3 chunks of human flesh
 k - 3 chunks of orc flesh
 l - a chunk of rat flesh
 o - 2 chunks of orc flesh
 r - a slice of pizza
Scrolls
 c - 6 scrolls of identify {unknown}
 e - 3 scrolls of enchant weapon {unknown}
 g - a scroll of random uselessness {unknown}
 h - 3 scrolls of teleportation {unknown}
 n - 3 scrolls of recharging {unknown}
 p - 2 scrolls of enchant armour {unknown}
 t - a scroll of amnesia {unknown}
Jewellery
 i - a ring of wizardry (left hand)
 m - a cursed -2 ring of intelligence (right hand)
Books
 d - a book of Changes

   Spells                             Type                      Level
   *Beastly Appendage                 Transmutation                1
   *Sticks to Snakes                  Transmutation                2
   Spider Form                        Transmutation/Poison         3
   Ice Form                           Ice/Transmutation            4
   Blade Hands                        Transmutation                5


   Skills:
 - Level 6.2 Fighting
 + Level 0.0 Throwing
 - Level 1.7 Dodging
 - Level 5.6 Unarmed Combat
 - Level 2.0 Spellcasting
 - Level 2.0 Transmutations


You had 7 spell levels left.
You knew the following spells:

 Your Spells              Type           Power        Failure   Level  Hunger
a - Beastly Appendage     Trmt           #.....       4%          1    ##.....
s - Sticks to Snakes      Trmt           #.........   7%          2    ###....


Dungeon Overview and Level Annotations

Branches:
Dungeon (4/15)
 Temple: D:4-7

Altars:
Kikubaaqudgha
Xom
The Shining One


Innate Abilities, Weirdness & Mutations

You can walk through water.
Your dull iron-grey scales are very hard (AC +11).
Your body does not fit into most forms of armour.
You can survive without breathing.
Your cold-blooded metabolism reacts poorly to cold.


Message History

You closely miss the orc wizard.
The orc wizard is almost dead.
* * * LOW HITPOINT WARNING * * *
You feel sick. The orc misses you. The orc closely misses you.
The orc closely misses you.
The orc wizard becomes somewhat translucent.
* * * LOW HITPOINT WARNING * * *
You feel sick.
The orc wizard hits you but does no damage.
You are more poisoned.
The orc barely misses you.
You hit the orc wizard but do no damage.
You tail-slap the orc wizard, but do no damage.
The orc wizard is almost dead.
* * * LOW HITPOINT WARNING * * *
You feel sick. The orc hits you with a club.
* * * LOW HITPOINT WARNING * * *
The orc wizard closely misses you.
The orc hits you from afar with a trident!
You die...

############
.........o@.#
#.....#.oo.# ...
#o...#
......#'#######
..............<#
..............#
.#................#
#..................
#..................


You could see an orc wizard and 3 orcs.

Vanquished Creatures
  Grinder (D:3)
  The ghost of PolkaDot the Insei, an average DrTm (D:3)
  An iguana (D:3)
  Jessica (D:3)
  Terence (D:3)
  4 adders
  A gnoll (D:1)
  A giant mite (D:2)
  4 worms
  An ooze (D:3)
  3 giant geckos
  7 orcs
  9 goblins
  11 hobgoblins
  2 jackals (D:2)
  11 kobolds
  A quokka (D:3)
  A ball python (D:1)
  8 bats
  3 giant cockroaches
  5 giant newts
  5 rats
82 creatures vanquished.

Notes
Turn   | Place    | Note
--------------------------------------------------------------
     0 | D:1      | PolkaDot, the Draconian Transmuter, began the quest for the Orb.
     0 | D:1      | Reached XP level 1. HP: 16/16 MP: 3/3
   352 | D:1      | Reached XP level 2. HP: 24/24 MP: 4/4
   489 | D:1      | Learned a level 2 spell: Sticks to Snakes
  1154 | D:1      | Reached XP level 3. HP: 31/31 MP: 4/6
  1679 | D:2      | Reached skill level 4 in Fighting
  1899 | D:2      | Found a glowing golden altar of the Shining One.
  1987 | D:2      | Reached XP level 4. HP: 40/40 MP: 5/7
  2463 | D:2      | Found an ancient bone altar of Kikubaaqudgha.
  2816 | D:3      | Noticed Terence
  2820 | D:3      | Noticed PolkaDot's ghost (average DrTm)
  2823 | D:3      | Killed Terence
  2823 | D:3      | Reached skill level 5 in Fighting
  2828 | D:3      | Killed PolkaDot's ghost
  2828 | D:3      | Reached XP level 5. HP: 46/50 MP: 7/9
  2865 | D:3      | Reached skill level 6 in Fighting
  2895 | D:3      | Found a shimmering altar of Xom.
  2902 | D:3      | Found a shimmering altar of Xom.
  2904 | D:3      | Found a shimmering altar of Xom.
  2905 | D:3      | Found a shimmering altar of Xom.
  2905 | D:3      | Found a shimmering altar of Xom.
  2906 | D:3      | Found a shimmering altar of Xom.
  3671 | D:3      | Noticed Grinder
  3693 | D:3      | HP: 2/50 [Grinder (3)]
  3698 | D:3      | Killed Grinder
  3698 | D:3      | Reached skill level 5 in Unarmed Combat
  3698 | D:3      | Reached XP level 6. HP: 4/57 MP: 8/10
  4097 | D:3      | Noticed Jessica
  4099 | D:3      | Killed Jessica
  4124 | D:3      | Your scales start taking on a dull iron-grey colour.
  4124 | D:3      | Gained mutation: You can survive without breathing. [draconian maturity]
  4124 | D:3      | Reached XP level 7. HP: 63/63 MP: 12/12
  4264 | D:4      | HP: 3/63 [poisoned by an orc wizard]
  4264 | D:4      | Mangled by an orc

Action                   |  1- 3 |  4- 6 |  7- 9 || total
-------------------------+-------+-------+-------++-------
Melee: Unarmed           |   146 |   176 |    42 ||   364
 Cast: Beastly Appendage |    19 |    18 |     3 ||    40
  Use: Potion            |     2 |     6 |     1 ||     9
 Stab: Sleeping          |     1 |       |       ||     1
  Eat: Chunk             |     4 |     7 |     1 ||    12
